 Dungeon Crawl Stone Soup version 0.29.1-12-g30fa7ad0bf (webtiles) character file.

Game seed: 2984032295001630289

1360698 fleeber the Ruinous (level 27, 157/157 HPs)
             Began as a Gargoyle Earth Elementalist on Dec 20, 2022.
             Was the Champion of Sif Muna.
             Escaped with the Orb
             ... and 3 runes on Dec 23, 2022!
             The game lasted 11:34:16 (115495 turns).

fleeber the Ruinous (Gargoyle Earth Elementalist) Turns: 115495, Time: 11:34:16

Health: 157/157    AC: 30    Str:  9    XL:     27
Magic:  39/39      EV: 14    Int: 35    God:    Sif Muna [******]
Gold:   4035       SH:  8    Dex:  8    Spells: 0/50 levels left

rFire   + + .      SeeInvis +   j - staff of fire
rCold   + . .      Faith    .   u - +3 buckler {reflect}
rNeg    + + .      Spirit   .   b - +1 robe of the Cobbler {Drain Will+ Int+4}
rPois   ∞          Reflect  +   I - +2 hat
rElec   +          Harm     .   c - scarf {rC+ rF+}
rCorr   +          Rampage  .   g - +2 pair of gloves
Will    +++..                   E - +2 pair of boots {Fly}
Stlth   +.........              h - amulet of magic regeneration
HPRegen 0.36/turn               T - ring "Imnocus" {rN+ rCorr SInv}
MPRegen 0.66/turn               K - ring of wizardry

@: flying, studying 2 skills
A: sickness immunity, AC +20, big wings, negative energy resistance 1,
electricity resistance, torment resistance 1, petrification resistance, clumsy
1, deformed body, weak 1
0: Orb of Zot
}: 3/15 runes: serpentine, barnacled, slimy
a: Renounce Religion, Channel Magic, Forget Spell, Divine Exegesis


You escaped.
You worshipped Sif Muna.
Sif Muna was exalted by your worship.
You visited 12 branches of the dungeon, and saw 55 of its levels.
You visited 1 bazaar.
You also visited: Bailey.

You collected 8063 gold pieces.
You spent 4028 gold pieces at shops.

Inventory:

Missiles
 x - 6 throwing nets (quivered)
Armour
 b - the +1 robe of the Cobbler (worn) {Drain Will+ Int+4}
   (You found it on level 3 of the Vaults)

   Int:       It affects your intelligence (+4).
   Drain:     It drains your maximum health when unequipped.
   Will:      It increases your willpower.
 c - a scarf of resistance (worn)
 g - a +2 pair of gloves (worn)
 u - a +3 buckler of reflection (worn)
 E - a +2 pair of boots of flying (worn)
 I - a +2 hat (worn)
Magical Staves
 j - a staff of fire (weapon)
Jewellery
 h - an amulet of magic regeneration (around neck)
 C - a +4 ring of protection
 K - a ring of wizardry (right hand)
 R - the ring of Hedonism {rElec rF+++ rC- rN+ Str+6}
   (You bought it in a shop on level 2 of the Orcish Mines)

   [ring of strength]

   Str:       It affects your strength (+6).
   rF:        It renders you almost immune to fire.
   rC:        It makes you vulnerable to cold.
   rElec:     It insulates you from electricity.
   rN:        It protects you from negative energy.
 T - the ring "Imnocus" (left hand) {rN+ rCorr SInv}
   (You took it off a guardian mummy on level 3 of the Crypt)

   [ring of positive energy]

   rN:        It protects you from negative energy.
   SInv:      It lets you see invisible.
   rCorr:     It protects you from acid and corrosion.
Wands
 f - a wand of polymorph (17)
 n - a wand of flame (77)
 v - a wand of charming (14)
 w - a wand of iceblast (33)
 y - a wand of mindburst (13)
 D - a wand of digging (22)
 V - a wand of acid (13)
Scrolls
 a - 2 scrolls of amnesia
 l - 5 scrolls of enchant weapon
 m - 4 scrolls of noise
 p - 14 scrolls of immolation
 q - 13 scrolls of butterflies
 s - 8 scrolls of silence
 t - 25 scrolls of teleportation
 B - 15 scrolls of poison
 F - 31 scrolls of identify
 G - a scroll of brand weapon
 L - 10 scrolls of vulnerability
 N - 2 scrolls of summoning
 U - 7 scrolls of fear
Potions
 d - 17 potions of mutation
 e - 11 potions of curing
 i - 15 potions of attraction
 k - 8 potions of heal wounds
 A - 4 potions of ambrosia
 H - 11 potions of might
 J - 6 potions of invisibility
 M - 3 potions of haste
 P - 2 potions of resistance
 Q - 10 potions of brilliance
 S - 8 potions of cancellation
 W - 6 potions of lignification
Miscellaneous
 o - a lightning rod (4/4)
 r - a tin of tremorstones (2/2)
 O - a phantom mirror
 X - a condenser vane
 Y - a phantom mirror
 Z - a phial of floods


   Skills:
 - Level 12.0 Fighting
 - Level 12.0 Dodging
 - Level 2.1 Stealth
 - Level 8.0 Shields
 - Level 12.0 Spellcasting
 * Level 25.1 Conjurations
 - Level 15.0 Summonings
 - Level 4.0 Translocations
 - Level 0.7 Transmutations
 * Level 24.7 Fire Magic
 + Level 24.7 Earth Magic
 - Level 16.0 Invocations
 - Level 8.0 Evocations


You couldn't memorise any spells.
You knew the following spells:

 Your Spells              Type           Power      Damage    Failure   Level
a - Lehudib's Crystal Sp  Conj/Erth      57%        10d13     1%          8
b - Stone Arrow           Conj/Erth      100%       3d13      0%          3
c - Blink                 Tloc           98%        N/A       1%          2
d - Starburst             Conj/Fire      69%        6d18      0%          6
e - Iron Shot             Conj/Erth      57%        9d11      0%          6
f - Shatter               Erth           57%        3d43*     4%          9
g - Fire Storm            Conj/Fire      69%        8d17      3%          9
h - Spellforged Servitor  Conj/Summ      52%        N/A       1%          7

Your spell library contained the following spells:

 Spells                   Type           Power      Damage    Failure   Level
 Foxfire                  Conj/Fire      100%       2x1d9     0%          1
 Magic Dart               Conj           100%       1d8       0%          1
 Sandblast                Erth           100%       2d20      0%          1
 Shock                    Conj/Air       100%       1d9       0%          1
 Summon Small Mammal      Summ           100%       N/A       0%          1
 Call Imp                 Summ           90%        N/A       0%          2
 Passwall                 Tmut/Erth      69%        N/A       0%          2
 Scorch                   Fire           100%       2d10      0%          2
 Searing Ray              Conj           100%       2d8       0%          2
 Static Discharge         Conj/Air       83%        3-14/arc  0%          2
 Call Canine Familiar     Summ           90%        N/A       0%          3
 Conjure Flame            Conj/Fire      100%       6-21      0%          3
 Animate Armour           Summ/Erth      100%       N/A       0%          4
 Flame Wave               Conj/Fire      100%       2d21      0%          4
 Sticky Flame             Conj/Fire      100%       2d11      0%          4
 Fireball                 Conj/Fire      69%        3d26      0%          5
 Iskenderun's Battlesphe  Conj           100%       2d15      0%          5
 Lee's Rapid Deconstruct  Erth           57%        3d27*     0%          5
 Apportation              Tloc           98%        N/A       1%          1
 Beastly Appendage        Tmut           52%        N/A       1%          1
 Freeze                   Ice            84%        1d10      1%          1
 Necrotise                Necr           84%        1d8       1%          1
 Slow                     Hex            84%        N/A       1%          1
 Sting                    Tmut/Pois      92%        1d7       1%          1
 Ensorcelled Hibernation  Hex/Ice        42%        N/A       1%          2
 Poisonous Vapours        Pois/Air       42%        N/A       1%          2
 Wereblood                Tmut           26%        N/A       1%          2
 Dazzling Flash           Conj/Hex       100%       N/A       1%          3
 Gell's Gravitas          Tloc           49%        N/A       1%          3
 Ignite Poison            Fire/Tmut/Pois 88%        N/A       1%          3
 Inner Flame              Hex/Fire       100%       N/A       1%          3
 Lesser Beckoning         Tloc           49%        N/A       1%          3
 Mephitic Cloud           Conj/Pois/Air  68%        N/A       1%          3
 Portal Projectile        Hex/Tloc       70%        N/A       1%          3
 Summon Guardian Golem    Hex/Summ       65%        N/A       1%          3
 Teleport Other           Tloc           49%        N/A       1%          3
 Fulminant Prism          Conj/Hex       41%        3d20      1%          4
 Hailstorm                Conj/Ice       83%        3d17      1%          4
 Iskenderun's Mystic Bla  Conj/Tloc      89%        2d17      1%          4
 Leda's Liquefaction      Hex/Erth       41%        N/A       1%          4
 Passage of Golubria      Tloc           49%        N/A       1%          4
 Petrify                  Tmut/Erth      83%        N/A       1%          4
 Summon Ice Beast         Ice/Summ       65%        N/A       1%          4
 Summon Lightning Spire   Summ/Air       65%        N/A       1%          4
 Borgnjor's Vile Clutch   Necr/Erth      41%        N/A       1%          5
 Freezing Cloud           Conj/Ice/Air   34%        6-21      1%          5
 Irradiate                Conj/Tmut      42%        3d25      1%          5
 Lightning Bolt           Conj/Air       41%        1d60      1%          5
 Summon Forest            Summ/Tloc      36%        N/A       1%          5
 Summon Mana Viper        Hex/Summ       65%        N/A       1%          5
 Conjure Ball Lightning   Conj/Air       41%        3x3d13    1%          6
 Summon Cactus Giant      Summ           45%        N/A       1%          6
 Monstrous Menagerie      Summ           45%        N/A       1%          7
 Orb of Destruction       Conj           57%        9d14      1%          7
 Summon Hydra             Summ           45%        N/A       1%          7
 Ignition                 Fire           69%        3d18      1%          8
 Spider Form              Tmut/Pois      23%        N/A       2%          3
 Confusing Touch          Hex            21%        N/A       3%          3
 Frozen Ramparts          Ice            42%        1d7       3%          3
 Ozocubu's Armour         Ice            21%        N/A       3%          3
 Swiftness                Air            21%        N/A       3%          3
 Tukima's Dance           Hex            21%        N/A       3%          3
 Vampiric Draining        Necr           21%        2d7       3%          3
 Manifold Assault         Tloc           49%        N/A       5%          5
 Ice Form                 Ice/Tmut       23%        N/A       9%          4
 Airstrike                Air            10%        2d(2-18)  10%         4
 Anguish                  Hex/Necr       10%        N/A       10%         4
 Animate Dead             Necr           21%        N/A       10%         4
 Cause Fear               Hex            10%        N/A       10%         4
 Corpse Rot               Necr/Pois/Air  21%        N/A       10%         4
 Dispel Undead            Necr           21%        3d11      10%         4
 Olgreb's Toxic Radiance  Pois           21%        N/A       10%         4
 Summon Horrible Things   Summ           45%        N/A       14%         8
 Malign Gateway           Summ/Tloc      36%        N/A       16%         7
 Blade Hands              Tmut           13%        N/A       21%         5
 Alistair's Intoxication  Tmut/Pois      15%        N/A       24%         5
 Yara's Violent Unravell  Hex/Tmut       11%        3d6       24%         5
 Agony                    Necr           21%        N/A       26%         5
 Metabolic Englaciation   Hex/Ice        10%        N/A       26%         5
 Silence                  Hex/Air        10%        N/A       26%         5
 Dispersal                Tloc           24%        N/A       28%         6
 Haunt                    Necr/Summ      32%        N/A       34%         7
 Eringya's Noxious Bog    Tmut/Pois      11%        N/A       75%         6
 Death Channel            Necr           10%        N/A       80%         6
 Simulacrum               Ice/Necr       10%        N/A       80%         6
 Dragon's Call            Summ           45%        N/A       88%         9
 Dragon Form              Tmut           13%        N/A       99%         7
 Storm Form               Tmut/Air       11%        N/A       99%         7
 Chain Lightning          Conj/Air       41%        3d55      99%         9
 Enfeeble                 Hex            10%        N/A       100%        7
 Ozocubu's Refrigeration  Ice            10%        4d9       100%        7
 Borgnjor's Revivificati  Necr           10%        N/A       100%        8
 Discord                  Hex            10%        N/A       100%        8
 Disjunction              Tloc           24%        N/A       100%        8
 Infestation              Necr           10%        N/A       100%        8
 Maxwell's Capacitive Co  Air            10%        ∞         100%        8
 Necromutation            Tmut/Necr      11%        N/A       100%        8
 Death's Door             Necr           10%        N/A       100%        9
 Polar Vortex             Ice            10%        N/A       100%        9
 Statue Form              Tmut/Erth      Unusable   N/A       N/A         6

Dungeon Overview and Level Annotations

Branches:
Dungeon (15/15)            Temple (1/1) D:5            Lair (5/5) D:9
 Shoals (4/4) Lair:2        Snake (4/4) Lair:2        Slime (5/5) Lair:4
    Orc (2/2) D:9             Elf (3/3) Orc:2        Vaults (4/5) D:13
  Crypt (3/3) Vaults:2       Tomb (0/3) Crypt:3      Depths (4/4) D:15
    Zot (5/5) Depths:4     Bailey (visited)

Altars:
Ashenzari
Cheibriados
Dithmenos
Elyvilon
Fedhas
Gozag
Hepliaklqana
Kikubaaqudgha
Makhleb
Nemelex Xobeh
Okawaru
Qazlal
Ru
Sif Muna
Trog
Uskayaw
Vehumet
Wu Jian
Xom
Yredelemnul
Zin
The Shining One
Lugonu

Shops:
D:6 (   D:7 (   D:9 [   D:13 [   Orc:2 =*([   Elf:1 ?*[   Elf:3 *[   Snake:2 =?
Vaults:1 [   Vaults:3 (

Portals:
Hell: Depths:1 Depths:2 Depths:3 Depths:4
Abyss: Depths:1 Depths:2 Depths:3 Depths:4
Pandemonium: Depths:1 Depths:2
Ziggurat: Depths:3

Annotations:
D:2 1 runed translucent door, Crazy Yiuf
D:5 3 runed translucent doors, Radix's ghost, novice HOFi
D:8 exclusion: downstairs
D:14 exclusion: downstairs
Shoals:3 2 transporters, archon2's ghost, adept DEFE
Snake:3 Roxanne
Orc:1 1 transporter
Elf:2 2 transporters, Timpihef's ghost, adept OpAK
Zot:2 exclusion: downstairs
Zot:3 exclusion: downstairs


Innate Abilities, Weirdness & Mutations

You are immune to sickness and miasma.
Your stone body is resilient. (AC +20)
You are immune to poison.
Your large and strong wings let you fly.
You resist negative energy. (rN+)
You are resistant to electric shocks. (rElec)
You are resistant to unholy torment.
You are immune to petrification.
You are clumsy. (Dex -2)
Armour fits poorly on your strangely shaped body.
You are weak. (Str -2)


Message History

There is a stone staircase leading up here.
The orange demon stings you but does no damage.
You fly upwards.
Level annotation: 1 runed translucent door, Crazy Yiuf
There is a stone staircase leading down here.
You see here a +0 dagger.
There is a stone staircase leading up here.
You fly upwards.
There is a stone staircase leading down here.
An Orb Guardian comes into view.
You can't see any susceptible monsters within range! (Use Z to cast anyway.) Unknown command.
You summon a servant imbued with your destructive magic!
You block the Orb Guardian's attack. The Orb Guardian hits you!
Your spellforged servitor gestures at the Orb Guardian while chanting.
The crystal spear hits the Orb Guardian!!!
The Orb Guardian barely misses your spellforged servitor.
The Orb Guardian hits your spellforged servitor!!
Your spellforged servitor points at the Orb Guardian and mumbles some strange words.
The crystal spear hits the Orb Guardian!!!
The Orb Guardian dies!
Sif Muna accepts your kill.
A goblin comes into view.
It is wielding a +0 club and quivering poisoned darts.
The goblin shouts!
The goblin throws a poisoned dart.
The poisoned dart closely misses you.
Aiming: Lehudib's Crystal Spear (mildly dangerous; 1% risk of failure)
Press: ? - help, Shift-Dir - straight line, f - goblin
Aim: a goblin, wielding a +0 club and quivering poisoned darts (79% to hit)
The crystal spear hits the goblin!!!!
You kill the goblin!
Sif Muna accepts your kill.
There is an open door here.
There is an open door here.
There is a staircase leading out of the dungeon here.
You start resting.
Magic restored.
You start resting.
HP restored.
You have escaped!

###.#############.#####.#
#...)...................#
#........[............#)#
#..########'########..#.# ###
#..####.........####..#.# ..#
#..##...⌠.....⌠...##..#.# #.#
##..#..⌠...#'#...⌠..#..#.# #.#
#...'.....##>##.....'..#.# #.#
#...'.....##@##.....'..#.#
..###...#..⌠...#9#...⌠..#..#.#
####....##...⌠.....⌠...##....#
........####.....)...####..###
####....########'########..#
##.......9..............#
#####......................#
....#.#..................###
......######.#############


You could see a friendly spellforged servitor (summoned).

Vanquished Creatures
  the Royal Jelly (Slime:5)
  3 dread liches (Zot:5)
  An orb of fire (Zot:5)
  Mara (Shoals:3)
  An ancient lich (Vaults:3)
  Sojobo (Depths:1)
  4 Killer Klowns
  Saint Roka (Orc:2)
  2 curse toes
  A caustic shrike (Depths:2)
  4 golden dragons
  2 bone dragons (Zot:2)
  An electric golem (Zot:5)
  Jorgrun (D:15)
  5 tentacled monstrosities
  3 hellephants (Zot:5)
  A walking crystal tome (Depths:2)
  2 quicksilver dragons (Zot:2)
  14 Orb Guardians
  2 deep elf blademasters (Elf:3)
  2 liches (Depths:3)
  22 acid blobs
  2 deep elf master archers (Elf:3)
  2 titans
  Frances (Snake:1)
  A sphinx (Vaults:1)
  7 ancient champions
  Kirke (Lair:4)
  6 death cobs
  A kraken (Shoals:4)
  Agnes (Snake:1)
  5 storm dragons
  3 shadow dragons
  Gastronok (Lair:1)
  Donald (Shoals:2)
  8 draconian monks
  2 nagarajas
  10 rockslimes
  5 fire giants
  Ilsuiw (Shoals:2)
  4 revenants
  4 vault wardens
  12 azure jellies
  4 iron dragons
  6 draconian knights
  5 draconian scorchers
  A ghost moth (Zot:2)
  Louise (D:14)
  2 orc warlords (Orc:2)
  3 deep elf sorcerers (Elf:3)
  3 frost giants
  7 draconian annihilators
  A juggernaut zombie (Depths:3)
  7 draconian stormcallers
  A war gargoyle (Vaults:2)
  4 ghouls (Crypt:1)
  4 ironbound preservers
  A curse skull (Crypt:1)
  4 deep elf elementalists (Elf:3)
  3 draconian shifters
  6 very ugly things
  2 spriggan defenders (Depths:2)
  6 stone giants
  8 vampire knights
  13 quicksilver oozes
  2 ironbound thunderhulks
  6 deep elf demonologists
  12 white draconians
  Azrael (D:15)
  4 black draconians
  8 green draconians
  A minotaur (shapeshifter) (Zot:5)
  7 red draconians
  2 deep elf annihilators (Elf:3)
  3 dire elephants
  4 purple draconians
  3 ettins
  Snorg (D:12)
  A blizzard demon (Depths:1)
  5 yellow draconians
  3 eidola
  A green death (D:15)
  2 mummy priests (Crypt:3)
  9 deep elf death magi
  A crystal guardian (Vaults:2)
  10 merfolk javelineers
  16 great orbs of eyes
  3 deep elf high priests
  7 fire dragons
  12 merfolk impalers
  4 yaktaur captains
  10 jiangshi
  2 quicksilver dragon zombies (Depths:3)
  A fenstrider witch zombie (Crypt:3)
  An Orb Guardian zombie (Crypt:1)
  6 rakshasas
  5 vault guards
  An ice dragon (shapeshifter) (Zot:5)
  18 anacondas
  6 hydras
  Fannar (D:11)
  8 boulder beetles
  Erica (D:8)
  A peacekeeper (Vaults:2)
  5 death knights
  A juggernaut simulacrum (Crypt:3)
  3 ironbound frosthearts
  2 anacondas (shapeshifter) (Zot:5)
  7 ice dragons
  5 salamander tyrants (Snake:4)
  11 centaur warriors
  A merfolk avatar (Shoals:4)
  A spriggan skeleton (Crypt:1)
  A catoblepas (D:13)
  4 two-headed ogres
  A satyr (Shoals:4)
  25 dancing weapons
  5 vampire magi
  An alligator snapping turtle (Shoals:1)
  20 naga warriors
  A death yak (Lair:5)
  A death yak (shapeshifter) (Zot:5)
  5 deep troll shamans
  3 tengu warriors
  2 spriggan berserkers
  7 merfolk aquamancers
  3 deep troll earth magi
  A nameless horror (Shoals:4)
  3 orc high priests
  12 naga sharpshooters
  2 soul eaters
  15 deep elf knights
  5 shock serpents
  6 sun demons
  17 skeletal warriors
  An iron troll (shapeshifter) (Zot:5)
  A titan skeleton (Depths:3)
  3 salamander mystics
  An iron troll (Depths:4)
  An anaconda zombie (Crypt:1)
  7 sea snakes
  2 shadow demons
  A steelbarb worm (shapeshifter) (D:15)
  34 deep trolls
  A bog body (Crypt:2)
  6 naga ritualists
  An obsidian statue (Zot:5)
  3 ironbound convokers
  7 wizards
  4 glowing orange brains
  3 phantasmal warriors
  10 deep elf archers
  A swamp dragon (Lair:3)
  2 bunyip skeletons
  2 orc knights (Orc:2)
  7 flayed ghosts
  27 deep elf zephyrmancers
  An anaconda skeleton (Crypt:3)
  4 necromancers
  7 lindwurms
  21 harpies
  12 shining eyes
  14 mana vipers
  17 ugly things
  13 salamanders
  9 orc sorcerers
  10 cyclopes
  A human zombie (Vaults:4)
  13 fauns
  34 deep elf pyromancers
  A centaur zombie (Crypt:1)
  13 elephants
  16 moths of wrath
  19 manticores
  A dire elephant zombie (Crypt:1)
  An iron dragon skeleton (Depths:3)
  12 naga magi
  9 vault sentinels
  8 merfolk sirens
  An apocalypse crab (Zot:5)
  8 eyes of devastation
  13 water nymphs
  45 black mambas
  A gargoyle (D:10)
  7 guardian serpents
  6 cane toads
  A yellow draconian zombie (Crypt:1)
  A stone giant skeleton (Crypt:1)
  A rime drake (shapeshifter) (D:15)
  7 yaktaurs
  An unseen horror zombie (Crypt:3)
  7 komodo dragons
  A centaur skeleton (D:15)
  2 unseen horrors
  2 unseen horrors (shapeshifter)
  Psyche (D:10)
  3 rime drakes
  A tormentor (D:4)
  A freezing wraith (Crypt:1)
  5 guardian mummies (Crypt:3)
  4 tengu conjurers
  8 trolls
  5 polar bears
  34 merfolk
  14 wind drakes
  2 harpy zombies (Crypt:1)
  A polar bear (shapeshifter) (Elf:3)
  12 snapping turtles
  11 blink frogs
  An ice dragon zombie (Crypt:1)
  117 slime creatures
  8 hornets
  5 dream sheep
  A meliai zombie (D:15)
  Sigmund (D:4)
  A centaur simulacrum (D:13)
  8 air elementals
  24 spriggans
  3 flying skulls (Depths:3)
  3 shadows
  2 wraiths
  3 vampires
  A culicivora (shapeshifter) (D:14)
  2 wyverns
  35 yaks
  33 water elementals
  7 fire elementals
  4 basilisks
  8 humans (D:13)
  8 golden eyes
  7 vampire mosquitoes
  2 steam dragons
  Menkaure (D:4)
  A harpy simulacrum (Crypt:1)
  41 nagas
  4 acid dragons
  A large abomination (D:6)
  12 wargs
  2 swamp worms (D:7)
  A glowing shapeshifter zombie (Depths:3)
  Duvessa (D:4)
  6 water moccasins
  4 hell hounds
  A meliai simulacrum (D:15)
  2 sky beasts
  48 orc warriors
  4 ice beasts
  5 black bears
  28 wolves
  6 centaurs
  11 ogres
  4 boggarts (Lair:5)
  A blink frog skeleton (Crypt:1)
  A vine stalker zombie (Crypt:2)
  10 bullfrogs
  3 kobold brigands
  6 earth elementals
  4 scorpions
  A gnoll sergeant (D:9)
  5 necrophages
  4 wights (D:10)
  A shapeshifter zombie (Crypt:1)
  Dowan (D:4)
  A water moccasin skeleton (Crypt:1)
  17 killer bees
  2 electric eels
  A hound (D:5)
  A gnoll bouda (D:5)
  32 orc priests
  6 jellies
  A basilisk skeleton (Crypt:2)
  7 hell rats (Lair:4)
  Natasha (thrice) (D:2)
  5 iguanas
  42 orc wizards
  A deep dwarf skeleton (Crypt:3)
  11 mummies (Crypt:3)
  15 gnolls
  4 adders
  A shadow imp (D:5)
  A worm zombie (Crypt:3)
  3 dart slugs
  115 orcs
  4 ball pythons
  12 endoplasms
  4 giant cockroaches
  13 goblins
  2 hobgoblins
  4 jackals
  6 quokkas
  6 bats
  A frilled lizard (D:2)
  A goblin zombie (Crypt:3)
  33 kobolds
  6 rats
  A river rat skeleton (Crypt:2)
  A fire vortex (Zot:3)
  2 tentacles (Shoals:4)
2046 creatures vanquished.

Vanquished Creatures (collateral kills)
  3 dread liches (Zot:5)
  An ancient lich (Zot:5)
  Tiamat (Zot:2)
  An orb of fire (Zot:5)
  2 Killer Klowns (Zot:5)
  6 golden dragons
  4 bone dragons
  An electric golem (Zot:5)
  A hellephant (Zot:5)
  3 tentacled monstrosities
  A lich (Crypt:3)
  An Ice Fiend (Zot:5)
  16 Orb Guardians
  4 acid blobs
  2 quicksilver dragons
  3 ancient champions (Crypt:3)
  5 death cobs
  A sphinx (Depths:2)
  7 storm dragons
  3 rockslimes (Slime:5)
  5 shadow dragons
  2 draconian monks
  2 tengu reavers (Depths:1)
  2 revenants
  4 draconian scorchers
  2 fire giants
  5 vault wardens
  3 deep elf sorcerers
  7 stone giants
  9 ironbound preservers
  A draconian shifter (Zot:2)
  5 ghouls
  4 spriggan defenders (Depths:2)
  5 very ugly things
  4 quicksilver oozes
  A reaper (Depths:4)
  4 draconian annihilators
  4 ironbound thunderhulks
  A caustic shrike skeleton (Depths:3)
  4 green draconians
  7 black draconians
  2 deep elf demonologists (Elf:3)
  A vampire knight (Crypt:1)
  A deep elf annihilator (Vaults:4)
  6 dire elephants
  6 purple draconians
  3 red draconians
  6 white draconians
  A blizzard demon (D:11)
  2 ettins
  A quicksilver dragon zombie (Depths:3)
  2 yaktaur captains
  9 great orbs of eyes
  A deep elf high priest (Elf:3)
  3 jiangshi
  3 fire dragons (Zot:2)
  A spriggan zombie (Depths:3)
  6 ice dragons
  A spriggan skeleton (Crypt:1)
  A boulder beetle (D:12)
  2 rakshasas
  7 vault guards
  A spriggan air mage (Depths:1)
  6 ironbound frosthearts
  2 quicksilver dragon skeletons (Depths:3)
  4 centaur warriors
  A death scarab (Crypt:1)
  4 dancing weapons
  3 deep troll shamans
  A bennu zombie (Crypt:1)
  3 deep troll earth magi
  2 tengu warriors
  3 spriggan berserkers (Depths:1)
  3 sun demons (Depths:3)
  A soul eater (Crypt:1)
  A salamander mystic (Depths:3)
  A fire crab (shapeshifter) (Zot:5)
  5 iron trolls
  21 skeletal warriors
  15 deep trolls
  2 glowing orange brains
  3 harpies (Vaults:2)
  A shadow dragon zombie (Depths:3)
  2 deep elf zephyrmancers (Elf:3)
  3 flayed ghosts
  A necromancer (Crypt:1)
  2 wizards
  3 phantasmal warriors
  7 ironbound convokers
  A sphinx zombie (Depths:3)
  An anaconda skeleton (Crypt:1)
  7 lindwurms
  4 deep elf pyromancers (Elf:3)
  13 ugly things
  An iron dragon zombie (Crypt:3)
  2 tengu skeletons (Depths:3)
  22 slime creatures
  A frost giant zombie (Depths:3)
  A sphinx skeleton (Crypt:1)
  6 moths of wrath
  A black mamba (Lair:3)
  4 vault sentinels
  An apocalypse crab (Zot:5)
  An eye of devastation (Depths:3)
  A jorogumo skeleton (Crypt:2)
  A smoke demon (Depths:4)
  A swamp worm zombie (Crypt:2)
  6 yaktaurs
  2 centaur skeletons (Crypt:3)
  A tengu conjurer (Depths:1)
  A human skeleton (Vaults:4)
  An ettin skeleton (Vaults:4)
  An alligator zombie (Crypt:2)
  A flying skull (Depths:3)
  An ice dragon skeleton (Crypt:3)
  7 water elementals
  2 yaks (D:11)
  A wraith (D:12)
  A fire dragon skeleton (Crypt:1)
  An ushabti (Crypt:3)
  A fire elemental (Elf:3)
  A redback (shapeshifter) (Depths:4)
  A golden eye (Zot:5)
  2 hell hounds (Depths:1)
  A salamander skeleton (Crypt:3)
  A draconian zombie (Crypt:3)
  A water moccasin zombie (Crypt:2)
  A deep dwarf zombie (Crypt:2)
  A mummy (Crypt:3)
  A kobold skeleton (Crypt:1)
419 creatures vanquished.

Vanquished Creatures (others)
  A draconian knight (Zot:1)
  A vault guard (D:13)
  A hydra (D:12)
  A merfolk avatar (Shoals:4)
  2 humans (Lair:4)
  A ball lightning (Depths:1)
  3 butterflies (Lair:4)
  312 fire vortices
  20 fungi
  148 plants
  7 tentacles (Shoals:4)
  5 toadstools (D:5)
502 creatures vanquished.

Grand Total: 2967 creatures vanquished

Notes
Turn   | Place    | Note
-------+----------+-------------------------------------------
     0 | D:1      | fleeber the Gargoyle Earth Elementalist began the quest for
                  | the Orb.
     0 | D:1      | Reached XP level 1. HP: 10/10 MP: 3/3
   214 | D:1      | Reached XP level 2. HP: 15/15 MP: 3/5
   268 | D:1      | Reached skill level 1 in Conjurations
   606 | D:1      | Reached XP level 3. HP: 19/19 MP: 2/6
   920 | D:2      | Found a faded altar of an unknown god.
   933 | D:2      | Got Plato's Grimoire of Striking
  1269 | D:2      | Noticed Natasha
  1271 | D:2      | Killed Natasha
  1272 | D:2      | Reached skill level 2 in Conjurations
  1272 | D:2      | Reached XP level 4. HP: 24/24 MP: 5/8
  1357 | D:2      | Found a runed translucent door.
  1358 | D:2      | Noticed Crazy Yiuf
  1476 | D:2      | Noticed Natasha
  1489 | D:2      | Killed Natasha
  1872 | D:2      | Noticed Natasha
  1877 | D:2      | Killed Natasha
  1878 | D:2      | Reached XP level 5. HP: 24/28 MP: 4/9
  2469 | D:3      | Learned a level 3 spell: Stone Arrow
  2505 | D:3      | Reached skill level 5 in Earth Magic
  2594 | D:3      | Found an ornate altar of the Wu Jian Council.
  2627 | D:3      | Found a glowing golden altar of the Shining One.
  2928 | D:3      | Reached skill level 3 in Conjurations
  3183 | D:4      | Noticed Sigmund
  3188 | D:4      | Killed Sigmund
  3189 | D:4      | Reached XP level 6. HP: 26/32 MP: 6/11
  3296 | D:4      | Noticed Menkaure
  3302 | D:4      | Killed Menkaure
  3303 | D:4      | Reached skill level 4 in Conjurations
  3303 | D:4      | Reached XP level 7. HP: 36/36 MP: 7/13
  3708 | D:4      | Reached skill level 5 in Conjurations
  3741 | D:4      | Noticed Duvessa
  3743 | D:4      | Noticed Dowan
  3776 | D:4      | Killed Duvessa
  4061 | D:4      | Killed Dowan
  4272 | D:4      | Reached XP level 8. HP: 31/41 MP: 5/14
  4672 | D:4      | Reached skill level 6 in Conjurations
  4709 | D:4      | Identified the +1 leather armour of Toynurchy {rElec Will-
                  | Int+4}
  4781 | D:5      | Entered Level 5 of the Dungeon
  4815 | D:5      | Reached skill level 7 in Conjurations
  4992 | D:5      | Found a runed translucent gate.
  5018 | D:5      | Found a runed translucent gate.
  5038 | D:5      | Found a runed translucent gate.
  5039 | D:5      | Noticed Radix's ghost (novice HOFi)
  5060 | D:5      | Reached skill level 8 in Conjurations
  5151 | D:5      | Found a hide-covered altar of Uskayaw.
  5168 | D:5      | Reached skill level 1 in Fighting
  5261 | D:5      | Found a staircase to the Ecumenical Temple.
  5267 | Temple   | Entered the Ecumenical Temple
  5528 | Temple   | Became a worshipper of Sif Muna the Loreminder
  5944 | D:5      | Found a white marble altar of Elyvilon.
  5948 | D:5      | Reached XP level 9. HP: 52/52 MP: 12/15
  6257 | D:5      | Reached skill level 5 in Fighting
  6374 | D:5      | Reached * piety under Sif Muna
  6792 | D:6      | Reached skill level 1 in Shields
  7255 | D:6      | Found an ancient bone altar of Kikubaaqudgha.
  7538 | D:6      | Reached skill level 1 in Invocations
  7774 | D:6      | Found Maadas's Antique Weapon Shop.
  7850 | D:7      | Reached skill level 1 in Evocations
  8424 | D:7      | Reached XP level 10. HP: 61/64 MP: 11/16
  8577 | D:7      | Found a glowing silver altar of Zin.
  8612 | D:7      | Found a burning altar of Makhleb.
  8675 | D:7      | Reached ** piety under Sif Muna
  8780 | D:7      | Found Nunted's Antique Weapon Boutique.
  9449 | D:8      | Found a broken altar of Ashenzari.
  9597 | D:8      | Noticed Erica
  9671 | D:8      | Killed Erica
  9672 | D:8      | Reached skill level 5 in Invocations
 10255 | D:9      | Found a staircase to the Lair.
 10446 | D:9      | Found a staircase to the Orcish Mines.
 10455 | D:9      | Reached skill level 5 in Evocations
 10460 | D:9      | Reached *** piety under Sif Muna
 10461 | D:9      | Reached skill level 5 in Dodging
 10848 | D:9      | Found Porr's Antique Armour Emporium.
 10856 | D:9      | Bought a runed scarf for 208 gold pieces
 10929 | D:9      | Reached XP level 11. HP: 68/68 MP: 17/17
 10942 | D:9      | Noticed a two-headed ogre
 10943 | D:9      | Noticed a two-headed ogre
 11309 | D:9      | Killed a two-headed ogre
 11334 | D:9      | Killed a two-headed ogre
 11439 | D:10     | Entered Level 10 of the Dungeon
 11852 | D:10     | Found a flagged portal.
 11950 | Bailey   | Entered a bailey
 12100 | Bailey   | Noticed a two-headed ogre
 12114 | Bailey   | Noticed a lindwurm
 12114 | Bailey   | a two-headed ogre changed into a lindwurm
 12120 | Bailey   | Killed a lindwurm
 12445 | D:10     | Noticed Psyche
 12448 | D:10     | Killed Psyche
 12751 | D:10     | Noticed a boulder beetle
 12766 | D:10     | Killed a boulder beetle
 13175 | D:10     | Reached **** piety under Sif Muna
 13802 | D:11     | Noticed a white ugly thing
 13805 | D:11     | Noticed a cyclops
 13807 | D:11     | Killed a white ugly thing
 13809 | D:11     | Noticed a manticore
 13820 | D:11     | Killed a manticore
 13821 | D:11     | Reached XP level 12. HP: 49/73 MP: 7/18
 14229 | D:11     | Noticed Fannar
 14235 | D:11     | Killed Fannar
 14235 | D:11     | Noticed a two-headed ogre
 14371 | D:11     | Reached skill level 5 in Spellcasting
 14709 | D:11     | Killed a two-headed ogre
 15277 | Lair:1   | Entered Level 1 of the Lair of Beasts
 15530 | Lair:1   | Noticed Gastronok
 15537 | Lair:1   | Killed Gastronok
 15918 | Lair:1   | You are sucked into a shaft and drop 1 floor!
 16152 | Lair:2   | Found a staircase to the Shoals.
 16870 | Lair:2   | Reached skill level 9 in Conjurations
 17032 | Lair:2   | Found a staircase to the Snake Pit.
 17200 | Lair:2   | Reached XP level 13. HP: 78/78 MP: 25/25
 17852 | Lair:3   | Reached skill level 10 in Earth Magic
 17988 | Lair:3   | Reached skill level 10 in Conjurations
 18109 | Lair:3   | Found a gate leading to a gauntlet.
 19299 | Lair:4   | Noticed Kirke
 19611 | Lair:4   | Killed Kirke
 19826 | Lair:4   | Reached ***** piety under Sif Muna
 20092 | Lair:4   | Reached skill level 11 in Conjurations
 20163 | Lair:4   | Found a staircase to the Slime Pits.
 20352 | Lair:5   | Entered Level 5 of the Lair of Beasts
 20463 | Lair:5   | Received a gift from Sif Muna
 20466 | Lair:5   | Got Sif Muna's Folio of Flaming Enchantment {god gift}
 20759 | Lair:5   | Identified the +3 quarterstaff "Ocwur" {venom, rCorr}
 20780 | Lair:5   | Reached skill level 12 in Conjurations
 20788 | Lair:5   | Reached skill level 1 in Fire Magic
 21279 | Lair:5   | Gained mutation: Your large and strong wings let you fly.
                  | [Gargoyle growth]
 21279 | Lair:5   | Reached XP level 14. HP: 84/84 MP: 26/26
 21897 | Lair:5   | Reached skill level 13 in Conjurations
 22206 | Lair:5   | Reached skill level 5 in Fire Magic
 22531 | Lair:5   | Learned a level 4 spell: Sticky Flame
 23059 | Lair:5   | Learned a level 6 spell: Starburst
 23750 | D:12     | Reached skill level 14 in Conjurations
 23988 | D:12     | Found a blossoming altar of Fedhas.
 24002 | D:12     | Received a gift from Sif Muna
 24235 | D:12     | Learned a level 5 spell: Iskenderun's Battlesphere
 24241 | D:12     | Learned a level 5 spell: Fireball
 24387 | D:12     | Noticed Snorg
 24408 | D:12     | Killed Snorg
 24455 | D:12     | Found a white marble altar of Elyvilon.
 24871 | Orc:1    | Entered Level 1 of the Orcish Mines
 25767 | Orc:2    | Entered Level 2 of the Orcish Mines
 25948 | Orc:2    | Found a flickering gateway to a bazaar.
 25978 | Bazaar   | Entered a bazaar
 25983 | Bazaar   | Found Gurphemu's Antique Armour Shop.
 26015 | Bazaar   | Found Faoshr Buga's Book Shop.
 26076 | Bazaar   | Identified a scroll of acquirement
 26076 | Bazaar   | Acquired the Papyrus of Accompaniment and Bolts
 26082 | Bazaar   | Bought an Inescapable Atlas for 374 gold pieces
 26472 | Orc:2    | Reached skill level 1 in Translocations
 26556 | Orc:2    | Received a gift from Sif Muna
 26571 | Orc:2    | Got Sif Muna's Papyrus of Blows and Bruises {god gift}
 26580 | Orc:2    | Learned a level 2 spell: Blink
 26677 | Orc:2    | Noticed an orc warlord
 26680 | Orc:2    | Reached XP level 15. HP: 88/88 MP: 12/27
 26758 | Orc:2    | Killed an orc warlord
 26759 | Orc:2    | Reached skill level 15 in Conjurations
 27346 | Orc:2    | Noticed Saint Roka
 27790 | Orc:1    | Received a gift from Sif Muna
 27794 | Orc:1    | Got Sif Muna's Disquisition on Moulding and the Zephyr {god
                  | gift}
 27824 | Orc:1    | Found a transporter.
 28400 | Orc:2    | Killed Saint Roka
 28863 | Orc:2    | Found Ydwoet's Assorted Antiques.
 28871 | Orc:2    | Bought a scroll of blinking for 247 gold pieces
 28871 | Orc:2    | Bought a potion of heal wounds for 165 gold pieces
 28871 | Orc:2    | Bought a bubbling blue potion for 29 gold pieces
 28900 | Orc:2    | Found a staircase to the Elven Halls.
 29049 | Orc:2    | Found Atalah's Jewellery Emporium.
 29223 | Orc:2    | Noticed an orc warlord
 29227 | Orc:2    | Killed an orc warlord
 29590 | Orc:2    | Found Ygeagua's Antique Armour Shoppe.
 29593 | Orc:2    | Found Tienih's Antique Weapon Emporium.
 30765 | D:13     | Reached skill level 10 in Fire Magic
 31624 | D:13     | Reached skill level 16 in Conjurations
 31842 | D:13     | Found Ellyamn's Armour Shoppe.
 32021 | D:13     | Found a gate to the Vaults.
 32134 | D:13     | Received a gift from Sif Muna
 32137 | D:13     | Got Sif Muna's Papyrus of Contamination and the Arsonist
                  | {god gift}
 33119 | D:14     | Noticed Louise
 33123 | D:14     | Killed Louise
 33208 | D:14     | Reached XP level 16. HP: 93/93 MP: 27/28
 33997 | D:15     | Entered Level 15 of the Dungeon
 33997 | D:15     | Noticed Jorgrun
 34096 | D:15     | Noticed Azrael
 34861 | D:15     | Killed Jorgrun
 35095 | D:15     | Killed Azrael
 35429 | D:15     | Paralysed by an orc sorcerer for 2 turns
 35840 | D:15     | Found a staircase to the Depths.
 36117 | Snake:1  | Entered Level 1 of the Snake Pit
 36230 | Snake:1  | Noticed Frances
 36491 | Snake:1  | Killed Frances
 36872 | Snake:1  | Reached skill level 15 in Fire Magic
 37050 | Snake:1  | Noticed Agnes
 37076 | Snake:1  | Killed Agnes
 37202 | Snake:1  | Received a gift from Sif Muna
 37205 | Snake:1  | Got Sif Muna's Verses on Fire {god gift}
 38727 | Snake:2  | Reached XP level 17. HP: 93/97 MP: 18/29
 39542 | Snake:2  | Found Lilix's Magic Scroll Emporium.
 39542 | Snake:2  | Found Ritaffa's Jewellery Shoppe.
 39555 | Snake:2  | Bought a ring of see invisible for 270 gold pieces
 39561 | Snake:2  | Bought a scroll of immolation for 60 gold pieces
 39561 | Snake:2  | Bought a scroll of teleportation for 45 gold pieces
 39561 | Snake:2  | Bought a scroll of butterflies for 60 gold pieces
 40195 | Snake:2  | Reached skill level 15 in Earth Magic
 40714 | Snake:3  | Received a gift from Sif Muna
 40717 | Snake:3  | Got Sif Muna's Omnibus of Stormy Superposition {god gift}
 40857 | Snake:3  | Found a shadowy altar of Dithmenos.
 41553 | Snake:3  | Identified the +0 chain mail of Negation {Dex+5}
 41755 | Snake:3  | Identified Roxanne's Collected Works on Geology
 41755 | Snake:3  | Noticed Roxanne
 42852 | Shoals:1 | Entered Level 1 of the Shoals
 43038 | Shoals:1 | Reached skill level 5 in Shields
 44161 | Shoals:1 | Reached XP level 18. HP: 102/105 MP: 25/31
 44917 | Shoals:2 | Noticed Ilsuiw
 46057 | Orc:2    | Bought a ring of wizardry for 480 gold pieces
 46074 | Orc:2    | Learned a level 7 spell: Orb of Destruction
 46276 | Shoals:1 | Reached skill level 10 in Fighting
 46527 | Shoals:2 | Killed Ilsuiw
 46528 | Shoals:2 | Noticed Donald
 46532 | Shoals:2 | Killed Donald
 47387 | Shoals:3 | Found a transporter.
 47439 | Shoals:3 | Found a transporter.
 47443 | Shoals:3 | Reached skill level 10 in Spellcasting
 47659 | Shoals:3 | Received a gift from Sif Muna
 47672 | Shoals:3 | Got Aroufaq's Secrets of Sophism {god gift}
 48101 | Shoals:3 | Noticed archon2's ghost (adept DEFE)
 48489 | Shoals:3 | Noticed Mara
 48494 | Shoals:3 | Killed Mara
 49320 | Snake:4  | Entered Level 4 of the Snake Pit
 52605 | Snake:4  | Reached skill level 1 in Summonings
 52869 | Snake:4  | Reached XP level 19. HP: 113/116 MP: 16/35
 53205 | Snake:4  | Got a serpentine rune of Zot
 53511 | Shoals:4 | Entered Level 4 of the Shoals
 53517 | Shoals:4 | Received a gift from Sif Muna
 54098 | Shoals:4 | Paralysed by an air elemental for 1 turns
 54423 | Shoals:4 | Paralysed by an air elemental for 1 turns
 54440 | Shoals:4 | Reached skill level 5 in Summonings
 54525 | Shoals:4 | Paralysed by an air elemental for 1 turns
 56312 | Shoals:4 | Received a gift from Sif Muna
 56313 | Shoals:4 | Got Woash's Omnibus of Dimensional Illusion {god gift}
 56574 | Shoals:4 | Reached skill level 17 in Conjurations
 56827 | Shoals:4 | Identified the +1 ring mail of Watchfulness {rF+}
 57488 | Shoals:4 | Got a barnacled rune of Zot
 57944 | Shoals:4 | Learned a level 7 spell: Spellforged Servitor
 58273 | Elf:1    | Entered Level 1 of the Elven Halls
 58418 | Elf:1    | Found Qaclys's General Store.
 58425 | Elf:1    | Found Midim's Antique Armour Emporium.
 58795 | Elf:1    | Found Mashreim's Magic Scroll Boutique.
 59058 | Elf:1    | Identified the +3 quarterstaff of Exhibitionism {venom,
                  | Int+3}
 59216 | Elf:1    | Identified the +8 hand axe of Resumed Hostilities {venom,
                  | Dex+2}
 59551 | Elf:1    | Paralysed by an air elemental for 1 turns
 60081 | Elf:2    | Found a transporter.
 60375 | Elf:2    | Noticed Timpihef's ghost (adept OpAK)
 60402 | Elf:2    | Reached XP level 20. HP: 122/122 MP: 19/36
 60457 | Elf:2    | Found a transporter.
 60458 | Elf:2    | Found a bloodstained altar of Trog.
 60576 | Elf:2    | Received a gift from Sif Muna
 60577 | Elf:2    | Got Riniotaqiu's Atlas of Charged Malediction {god gift}
 60958 | Elf:2    | Found a runed translucent gate.
 60958 | Elf:2    | Found a runed translucent gate.
 60958 | Elf:2    | Found a runed translucent gate.
 61025 | Elf:2    | Reached skill level 10 in Summonings
 61222 | Elf:2    | Reached skill level 18 in Conjurations
 62246 | Elf:2    | Learned a level 8 spell: Lehudib's Crystal Spear
 62541 | Vaults:1 | Entered Level 1 of the Vaults
 62554 | Vaults:1 | Found Xisargh's Armour Emporium.
 64163 | Vaults:1 | Identified the +7 trident "Dunnotey" {pain, rF+ rC- Int+4}
 64486 | Vaults:1 | Received a gift from Sif Muna
 65047 | Vaults:2 | Reached ****** piety under Sif Muna
 65913 | Vaults:2 | Reached XP level 21. HP: 127/127 MP: 30/37
 65940 | Vaults:2 | Reached skill level 19 in Conjurations
 66705 | Vaults:2 | You are sucked into a shaft and drop 1 floor!
 66990 | Vaults:3 | Received a gift from Sif Muna
 67220 | Vaults:3 | Found Geaphoff's Antique Weapon Shoppe.
 67634 | Vaults:2 | Identified the +4 ring mail of the Eternal Void {Int+2}
 67650 | Vaults:2 | Noticed a bone dragon
 67660 | Vaults:2 | Killed a bone dragon
 67731 | Vaults:2 | Found a staircase to the Crypt.
 68685 | Elf:1    | Bought a scroll of magic mapping for 135 gold pieces
 68699 | Elf:1    | Bought a scroll of teleportation for 57 gold pieces
 68699 | Elf:1    | Bought a scroll of teleportation for 57 gold pieces
 68699 | Elf:1    | Bought a scroll of magic mapping for 142 gold pieces
 69665 | Vaults:3 | Noticed an ancient lich
 69681 | Vaults:3 | Killed an ancient lich
 69920 | Vaults:3 | Reached skill level 20 in Conjurations
 71063 | Vaults:3 | Identified the +1 robe of the Cobbler {Drain Will+ Int+4}
 71282 | Vaults:4 | Received a gift from Sif Muna
 71283 | Vaults:4 | Reached skill level 10 in Invocations
 71285 | Vaults:4 | Got Sif Muna's Secrets of the Quarry and the Union {god
                  | gift}
 71528 | Vaults:3 | Learned a level 6 spell: Iron Shot
 71914 | Vaults:4 | Reached skill level 21 in Conjurations
 72720 | Vaults:4 | Reached XP level 22. HP: 132/132 MP: 34/38
 73934 | Crypt:1  | Entered Level 1 of the Crypt
 75418 | Crypt:1  | Received a gift from Sif Muna
 75421 | Crypt:1  | Got Sif Muna's Monograph on Stormy Coordinates {god gift}
 78038 | Crypt:3  | Entered Level 3 of the Crypt
 78433 | Crypt:3  | Received a gift from Sif Muna
 78436 | Crypt:3  | Got Sif Muna's Primer on Hermeneutics {god gift}
 78497 | Crypt:3  | Identified the +10 shortbow of the Feral God {flame, rC+
                  | Str+4 SInv}
 78568 | Crypt:3  | Identified the +0 chain mail "Itsoth" {Str+4}
 78720 | Crypt:3  | Found an ancient bone altar of Kikubaaqudgha.
 78920 | Crypt:3  | Found a staircase to the Tomb.
 79376 | Crypt:3  | Identified the +1 scale mail of Wu Jian's Regard {rPois
                  | rN+}
 79689 | Crypt:3  | Identified the ring "Imnocus" {rN+ rCorr SInv}
 79911 | Crypt:3  | Reached XP level 23. HP: 136/136 MP: 21/39
 79983 | Crypt:3  | Noticed a curse toe
 79991 | Crypt:3  | Killed a curse toe
 80106 | Crypt:3  | Found an ancient bone altar of Kikubaaqudgha.
 80110 | Crypt:3  | Found a basalt altar of Yredelemnul.
 80120 | Crypt:3  | Identified the ring of Xuqivvug {rElec rPois rN+ Str-5
                  | Dex+2}
 80124 | Crypt:3  | Identified the +5 plate armour "Vitet" {-Cast rElec rF+
                  | Slay+3}
 80156 | Crypt:3  | Got the Incunable of Left-Handed Rites
 80501 | Depths:1 | Entered Level 1 of the Depths
 80695 | Depths:1 | Found a one-way gate to the infinite horrors of the Abyss.
 80709 | Depths:1 | Noticed Sojobo
 80728 | Depths:1 | Killed Sojobo
 81197 | Depths:1 | Found a hazy altar of Hepliaklqana.
 81224 | Depths:1 | Found a one-way gate leading to the halls of Pandemonium.
 81377 | Depths:1 | Received a gift from Sif Muna
 81527 | Depths:1 | You are sucked into a shaft and drop 1 floor!
 81772 | Depths:1 | Found a gateway to Hell.
 82804 | Depths:2 | Noticed a golden dragon
 82809 | Depths:2 | Killed a golden dragon
 82982 | Depths:2 | Noticed a caustic shrike
 82987 | Depths:2 | Killed a caustic shrike
 83347 | Depths:2 | Received a gift from Sif Muna
 84031 | Depths:2 | Found a sacrificial altar of Ru.
 84098 | Depths:2 | Found a corrupted altar of Lugonu.
 84602 | Depths:3 | Found a one-way gateway to a ziggurat.
 85279 | Depths:3 | Reached XP level 24. HP: 97/142 MP: 6/39
 85834 | Depths:3 | Received a gift from Sif Muna
 86956 | Depths:3 | Found a hide-covered altar of Uskayaw.
 86980 | Depths:3 | Acquired 813 gold pieces
 87416 | Depths:4 | Entered Level 4 of the Depths
 88379 | Depths:4 | Found a gate to the Realm of Zot.
 88679 | Depths:4 | Received a gift from Sif Muna
 90040 | Orc:2    | Bought the ring of Hedonism {rElec rF+++ rC- rN+ Str+6} for
                  | 1315 gold pieces
 90153 | Elf:3    | Entered Level 3 of the Elven Halls
 90357 | Elf:3    | Found Offoaddo's Assorted Antiques.
 90366 | Elf:3    | Bought a potion of curing for 72 gold pieces
 90366 | Elf:3    | Bought 2 potions of brilliance for 192 gold pieces
 90366 | Elf:3    | Bought a potion of heal wounds for 120 gold pieces
 90630 | Elf:3    | Found Pilyis's Antique Armour Emporium.
 91884 | Slime:1  | Entered Level 1 of the Pits of Slime
 92733 | Slime:1  | Reached skill level 22 in Conjurations
 93072 | Slime:2  | Learned a level 9 spell: Fire Storm
 93294 | Slime:3  | Received a gift from Sif Muna
 93731 | Slime:3  | Reached XP level 25. HP: 147/147 MP: 27/39
 94962 | Slime:4  | Received a gift from Sif Muna
 94963 | Slime:4  | Got Sif Muna's Teachings on the Lofty Geologist {god gift}
 95522 | Slime:4  | Gained mutation: Armour fits poorly on your strangely
                  | shaped body. [a shining eye]
 96289 | Slime:5  | Entered Level 5 of the Pits of Slime
 96596 | Slime:5  | Received a gift from Sif Muna
 96598 | Slime:5  | Got Juawee's Guide on Ensnaring Hoarfrost {god gift}
 96748 | Slime:5  | Noticed the Royal Jelly
 97149 | Slime:5  | Killed the Royal Jelly
 97150 | Slime:5  | Reached skill level 23 in Conjurations
 97239 | Slime:5  | HP: 5/147 [rockslime[the Royal Jelly] (34)]
 97244 | Slime:5  | HP: 1/147 [acid blob/splash of acid (11)]
 97900 | Slime:5  | Found the +4 moon troll leather armour {Spirit, Regen++
                  | MP+5}
 97935 | Slime:5  | Identified the +6 halberd "Juuhil" {spect, Fragile Will+++
                  | Str+4 SInv}
 97996 | Slime:5  | Identified the +1 ring mail "Imaig" {Will+ Str+2}
 98018 | Slime:5  | Got a slimy rune of Zot
 98025 | Slime:5  | Identified the +4 lajatang "Murmur" {vorpal, *Noise rElec
                  | rF++ Str+4}
 98047 | Slime:5  | Identified the +9 dagger "Vosan" {freeze, rPois Dex+4}
 99109 | Elf:3    | Identified the +6 scale mail "Damic" {rCorr Str+5 Dex+2}
 99294 | Elf:3    | Identified the ring of Saemm {rPois rN+ Str+6}
 99315 | Elf:3    | Received a gift from Sif Muna
 99316 | Elf:3    | Got Sif Muna's Verses on Doomed Excavation {god gift}
 99322 | Elf:3    | Identified the +5 short sword of Moderation {vorpal, rC+
                  | Str+2 Dex-4 Stlth+}
 99322 | Elf:3    | Identified the +3 leather armour of Beogh, Kissing {rN+
                  | Will+ Slay-6 SInv}
 99322 | Elf:3    | Identified the amulet of Xom's Fair Game {Faith rF+ Str+3}
 99823 | Elf:3    | Identified the +0 pair of gloves "Irosch" {Fly Will- Str+2}
 99851 | Elf:3    | Identified the +5 arbalest "Iwal" {speed, rPois}
101910 | Zot:1    | Entered Level 1 of the Realm of Zot
103809 | Zot:2    | Reached XP level 26. HP: 152/152 MP: 31/39
105193 | Zot:2    | Found the +4 dragonskin cloak
105193 | Zot:2    | Noticed Tiamat
105209 | Zot:2    | Killed Tiamat
105656 | Zot:2    | Reached skill level 10 in Dodging
105802 | Zot:2    | Noticed a Killer Klown
105804 | Zot:2    | a Killer Klown changed into a golden dragon
107029 | Zot:2    | Identified the +1 chain mail "Ybeebbo" {rCorr MP-9 Int+7}
107171 | Zot:3    | Reached skill level 15 in Summonings
108025 | Zot:3    | Noticed a Killer Klown
108028 | Zot:3    | Killed a Killer Klown
108961 | Zot:4    | Reached skill level 15 in Invocations
109382 | Zot:4    | Found a blossoming altar of Fedhas.
109565 | Zot:4    | Noticed an orb of fire
109887 | Zot:5    | Entered Level 5 of the Realm of Zot
109891 | Zot:5    | Reached XP level 27. HP: 148/157 MP: 25/39
109927 | Zot:4    | Learned a level 9 spell: Shatter
111085 | Zot:5    | Found a huge runed gate.
111085 | Zot:5    | Found a huge runed gate.
111085 | Zot:5    | Found a huge runed gate.
111085 | Zot:5    | Found a huge runed gate.
111085 | Zot:5    | Found a huge runed gate.
111085 | Zot:5    | Found a huge runed gate.
111085 | Zot:5    | Found a huge runed gate.
111085 | Zot:5    | Found a huge runed gate.
111085 | Zot:5    | Found a huge runed gate.
111085 | Zot:5    | Found a huge runed gate.
111093 | Zot:5    | Found a huge runed gate.
111093 | Zot:5    | Found a huge runed gate.
111093 | Zot:5    | Found a huge runed gate.
111093 | Zot:5    | Found a huge runed gate.
111093 | Zot:5    | Found a huge runed gate.
111141 | Zot:5    | Found a huge runed gate.
111142 | Zot:5    | Found a huge runed gate.
111143 | Zot:5    | Found a huge runed gate.
111144 | Zot:5    | Found a huge runed gate.
111213 | Zot:5    | Found a huge runed gate.
111213 | Zot:5    | Found a huge runed gate.
111213 | Zot:5    | Found a huge runed gate.
111213 | Zot:5    | Found a huge runed gate.
111213 | Zot:5    | Found a huge runed gate.
111214 | Zot:5    | Found a huge runed gate.
111215 | Zot:5    | Found a huge runed gate.
111216 | Zot:5    | Found a huge runed gate.
111217 | Zot:5    | Found a huge runed gate.
111218 | Zot:5    | Found a huge runed gate.
111219 | Zot:5    | Found a huge runed gate.
111220 | Zot:5    | Found a huge runed gate.
111221 | Zot:5    | Found a huge runed gate.
111231 | Zot:5    | Found a huge runed gate.
111231 | Zot:5    | Found a huge runed gate.
111231 | Zot:5    | Found a huge runed gate.
111232 | Zot:5    | Found a huge runed gate.
111486 | Zot:5    | Gained mutation: You are clumsy. (Dex -2) [mutagenic glow]
111497 | Zot:5    | Gained mutation: You are very clumsy. (Dex -4) [mutagenic
                  | glow]
111516 | Zot:5    | Gained mutation: You occasionally lose the ability to drink
                  | potions when taking damage. [mutagenic glow]
112114 | Zot:5    | Identified the +10 spear "Beoffiod" {venom, rElec rF+ rC+
                  | Str-5}
112264 | Zot:5    | Noticed a dread lich
112270 | Zot:5    | Killed a dread lich
112271 | Zot:5    | Reached skill level 24 in Conjurations
112337 | Zot:5    | Noticed a dread lich
112349 | Zot:5    | Killed a dread lich
112642 | Zot:5    | Noticed a dread lich
112646 | Zot:5    | Killed a dread lich
112669 | Zot:5    | Noticed a dread lich
112679 | Zot:5    | Killed a dread lich
113090 | Zot:5    | Noticed a dread lich
113093 | Zot:5    | Killed a dread lich
113109 | Zot:5    | Noticed an orb of fire
113114 | Zot:5    | Killed an orb of fire
113218 | Zot:5    | Noticed an orb of fire
113220 | Zot:5    | Gained mutation: You are occasionally teleported next to
                  | monsters. [an orb of fire]
113227 | Zot:5    | Killed an orb of fire
113842 | Zot:5    | Noticed a dread lich
113845 | Zot:5    | Killed a dread lich
114194 | Zot:5    | Noticed an ancient lich
114198 | Zot:5    | Killed an ancient lich
114261 | Zot:5    | Reached skill level 25 in Conjurations
114630 | Zot:5    | Lost mutation: You occasionally lose the ability to drink
                  | potions when taking damage. [potion of mutation]
114630 | Zot:5    | Lost mutation: You are occasionally teleported next to
                  | monsters. [potion of mutation]
114630 | Zot:5    | Gained mutation: You are weak. (Str -2) [potion of
                  | mutation]
114630 | Zot:5    | Lost mutation: You are very clumsy. (Dex -4) [potion of
                  | mutation]
114678 | Zot:5    | Got the Orb of Zot
114705 | Zot:4    | Noticed Soabud the pandemonium lord
114926 | Depths:1 | Noticed Pyci the pandemonium lord
114955 | D:15     | Noticed a seraph
115495 | D:$      | Escaped with the Orb!

Illustrated notes

Levels and vault maps discovered:
D:1:      dpeg_arrival_refuge, layout_loops_ring
D:2:      layout_loops_corners, shapermc_ecumenical_altar_rom_forum,
          grunt_decor_fettered, grunt_ministairs_5, hangedman_decor_lopped,
          uniq_natasha, uniq_crazy_yiuf_cottage
D:3:      layout_basic, grunt_temple_overflow_open
D:4:      minmay_skewed_foursquare, layout_loops_ring, uniq_menkaure,
          uniq_duvessa, uniq_sigmund
D:5:      cheibrodos_fertilizer, layout_gridville,
          mainiacjoe_overflow_cross_hatched, elyvilon_altar_3, temple_statues,
          gammafunk_ghost_split, dreamdust_princess_bridge, grunt_ministairs_8,
          kennysheep_doodads
D:6:      layout_gridville, kiku_gazebo_garden_becter, serial_shops,
          nicolae_shop_behind_doors
D:7:      layout_basic, zin_statuary, kennysheep_little_box, serial_shops, shop,
          kennysheep_another_room, worms_lemuel
D:8:      layout_basic, nicolae_ashenzari_panopticon, serial_park_tiny_pond,
          uniq_erica
D:9:      layout_loops_ring, erik_lair_orcish_takeover,
          minmay_orc_entry_guard_dogs, serial_shops, shop
D:10:     layout_roguey, enter_bailey_6, serial_co_window_serial,
          co_window_of_opportunity_a, co_window_paths_a, co_window_corner_a,
          co_window_paths_a, co_window_of_opportunity_a, co_window_corner_a,
          co_window_of_opportunity_c, co_window_paths_c, co_window_corner_b,
          co_window_paths_c, co_window_of_opportunity_c, co_window_sun,
          co_window_paths_e, glass_columns_b, glass_columns_a, glass_columns_b,
          glass_columns_a, uniq_psyche
D:11:     layout_roguey, hangedman_decor_riveting, minmay_checkerbox,
          uniq_fannar
D:12:     layout_irregular_city, st_stairs_1, hangedman_feature_mirror,
          uniq_snorg
D:13:     layout_roguey, ximxim_vaults_locker_room, serial_shops, shop,
          minmay_the_grid_2x2 [minmay_the_grid_large_cup,
          minmay_the_grid_pillar_ring, minmay_the_grid_outer_diamond,
          minmay_the_grid_prize_inner_circle]
D:14:     layout_small_grid, uniq_louise
D:15:     grunt_enter_depths_magical_seal, layout_small_grid, uniq_azrael,
          uniq_jorgrun
Temple:   minmay_temple_curvy_branch
Lair:1:   layout_cave_pods, uniq_gastronok
Lair:2:   layout_small_grid, shoals_dummy_entry, dummy_snake_entry,
          grunt_megastairs_1, infiniplex_staircase_pool_2
Lair:3:   layout_chaotic_city, gauntlet_entry_generic, st_stairs_9,
          minivault_11, pond, infiniplex_staircase_pool
Lair:4:   layout_cave_shapes, slime_entry_1, grunt_megastairs_5,
          lemuel_fruit_fields, uniq_kirke
Lair:5:   minmay_lair_end_enchanted_forest, layout_big_grid, minivault_27,
          serial_bayou_shore_b
Shoals:1: layout_shoals
Shoals:2: layout_shoals, nicolae_shoals_nymph_descending_staircase, uniq_ilsuiw,
          uniq_donald
Shoals:3: layout_shoals, gammafunk_ghost_berserking_beasts, uniq_mara
Shoals:4: shoals_end_hellmonk_storm_palace [storm_palace_center_square,
          storm_palace_corner_pillars, storm_palace_corner_narrow,
          storm_palace_corner_narrow, storm_palace_corner_pillars]
Snake:1:  nicolae_snakescales, layout_chambers,
          nicolae_snake_yet_another_twisty_hallway, serial_bayou_shore_b,
          uniq_frances, uniq_agnes
Snake:2:  layout_onion_interference, grunt_ministairs_8, guppyfry_library_mini,
          minmay_shoptagon
Snake:3:  layout_layer_cave, basic_altar, serial_bayou_lagoon_a,
          nicolae_snake_gridmaze_spiral, nicolae_snake_squiggles,
          chequers_hall_statues_wall_a, uniq_roxanne
Snake:4:  snake_pit_salamanders_mu, layout_layer_cave
Slime:1:  layout_caves
Slime:2:  layout_caves
Slime:3:  layout_caves, nicolae_slime_round_cave
Slime:4:  layout_caves, special_room [special_room_jelly]
Slime:5
Orc:1:    emtedronai_trogs_sanctum, layout_caves, basic_altar, mines2_david
Orc:2:    grunt_orc_community_town_hall, layout_caves,
          grunt_orc_community_big_house_2, grunt_orc_community_big_house_1,
          grunt_orc_community_house_2, grunt_orc_community_house_2,
          grunt_orc_community_house_2, grunt_orc_community_house_3,
          grunt_orc_community_house_3, grunt_orc_community_house_3,
          serial_shops, bzr_entry_customers
Elf:1:    minmay_elf_arrival_plus, layout_loops_ring, serial_shops,
          nicolae_square_shop, nicolae_square_shop, nicolae_shop_waterfront,
          evilmike_minifort, minivault_14
Elf:2:    elven_hall_of_blades_hangedman_original [nicolae_blade_little_rooms],
          layout_loops_cross, gammafunk_ghost_wrathful_warriors
Elf:3:    elf_hall, layout_loops_ring, serial_shops, nicolae_shop_statue_plus,
          shop, minmay_misc_feat_ornament, grunt_ministairs_6
Vaults:1: grunt_vaults_diagonal, ontoclasm_vaults_ligature,
          nicolae_vaults_windows_and_doors_thing, v_misc_12,
          nicolae_vaults_bisected_exclaves, hangedman_vaults_corner_blocks,
          nicolae_vaults_little_squares_2, v_misc_23, grunt_vaults_twisty,
          hangedman_vaults_nodes, vaults_standard_mumra_lines,
          nicolae_vaults_little_squares_4, v_misc_22, st_cross,
          layout_vaults_maze_bifur, serial_shops, nicolae_shop_stone
Vaults:2: nicolae_vaults_c_with_doors, v_misc_3, hangedman_vaults_locks,
          v_misc_28, minmay_crypt_entry_nasty_monster, nicolae_vaults_asterisk,
          ontoclasm_vaults_claustrophobia, v_alt_pattern_6, v_misc_28,
          nicolae_vaults_circle_grid_a, vaults_room_grunt_arrival_ludios,
          nicolae_vaults_gold_heap, layout_vaults_big_room
Vaults:3: vaults_mumra_minichess, v_misc_3, nicolae_vaults_rhombus_7, v_misc_30,
          vaults_room_octagon, nicolae_vaults_alarming,
          nicolae_vaults_sealed_display, vaults_room_door_ring, kb_rosetta,
          layout_vaults_omnigrid, serial_shops, nicolae_shop_trees
Vaults:4: ontoclasm_vaults_chip, nicolae_vaults_hallways_thing,
          hangedman_vaults_stitches, vaults_room_door_ring,
          hangedman_vaults_corner_blocks, vaults_room_boxed,
          grunt_vaults_trifunnel, vaults_room_stairs_pillars, v_misc_16,
          vaults_room_pools, nicolae_vaults_little_squares_3,
          vaults_dpeg_encased_lava, layout_vaults_big_cross
Crypt:1:  layout_gridlike, serial_corexii_hall, corexii_hall_statues_x,
          corexii_hall_statues_l, st_stairs_7, grunt_ministairs_8,
          serial_sigils_hangedman_etch, hellmonk_scarab_ruin
Crypt:2:  layout_basic, hex_medium
Crypt:3:  lightli_unholy_cathedral, layout_chaotic_city,
          nicolae_tomb_entry_unfolded_pyramid_orthogonal, basic_altar
Depths:1: layout_cave_pools, pan_entry, nicolae_hepliaklqana_hippocampus,
          hell_entry, abyss_entry, moated_statue,
          minmay_guarded_unrand_wrath_of_trog, uniq_sojobo
Depths:2: kennysheep_large_spiral, layout_cave_shapes,
          nicolae_ru_the_path_less_chosen, hell_entry, abyss_entry_flame_altar,
          pan_entry, serial_bayou_pond_a, nicolae_keep_em_comin
Depths:3: hangedman_screamer, layout_basic, enter_ziggurat_c,
          nicolae_hell_entry_hellmouth_sunbeams, abyss_entry,
          nicolae_uskayaw_en_pointe
Depths:4: evilmike_zot_entry_diamond, layout_cave_shapes, hellmouth_1,
          abyss_entry, minmay_misc_feat_roman, grunt_megastairs_2
Zot:1:    layout_gridlike
Zot:2:    nicolae_zot_stationary_front, layout_gridlike, grunt_ministairs_5,
          st_grand_hoard_of_tiamat
Zot:3:    layout_misc_corridors, lemuel_elevator
Zot:4:    layout_onion_interference, basic_altar, nrook_zot_tub
Zot:5:    layout_onion, not_door_vault_due

Skill      XL: |  1  2  3  4  5  6  7  8  9 10 11 12 13 14 15 16 17 18 19 20 21 22 23 24 25 26 27 |
---------------+----------------------------------------------------------------------------------+-----
Conjurations   | 1 2 3 4 5 8 9 12 14 16 17 18 21 22 23 25 | 25.1
Earth Magic    | 4 5 6 7 8 9 12 16 19 21 22 23 24 | 24.7
Spellcasting   | 3 4 8 9 12 | 12.0
Fighting       | 4 8 9 12 | 12.0
Shields        | 1 4 6 7 8 |  8.0
Invocations    | 3 6 8 10 12 15 16 | 16.0
Dodging        | 2 5 7 8 9 12 | 12.0
Evocations     | 2 5 7 8 |  8.0
Fire Magic     | 3 8 12 16 18 20 22 23 24 | 24.7
Translocations | 1 4 |  4.0
Summonings     | 2 9 13 14 15 | 15.0
Stealth        | |  2.1
Transmutations | |  0.7

Action                   |  1- 3 |  4- 6 |  7- 9 | 10-12 | 13-15 | 16-18 | 19-21 | 22-24 | 25-27 || total
-------------------------+-------+-------+-------+-------+-------+-------+-------+-------+-------++-------
Melee: Club              |       |     3 |     6 |       |       |       |       |       |       ||     9
       Whip              |       |       |       |     1 |    12 |    14 |       |       |       ||    27
       Hand axe          |       |       |       |       |       |       |     6 |       |       ||     6
       Staff             |       |       |       |       |       |       |       |     5 |     1 ||     6
Throw: Stone             |       |       |       |       |     1 |     3 |       |       |       ||     4
 Cast: Sandblast         |    43 |    55 |   152 |   203 |   359 |     2 |       |       |       ||   814
       Stone Arrow       |       |       |    31 |   179 |   473 |   560 |   363 |   161 |    36 ||  1803
       Fireball          |       |       |       |       |   101 |   111 |    96 |    72 |     2 ||   382
       Iskenderun's Batt |       |       |       |       |    59 |   162 |    76 |       |       ||   297
       Sticky Flame      |       |       |       |       |     6 |       |       |       |       ||     6
       Starburst         |       |       |       |       |     3 |    18 |    30 |    32 |    22 ||   105
       Orb of Destructio |       |       |       |       |       |    79 |   202 |    24 |       ||   305
       Blink             |       |       |       |       |       |     2 |     1 |     1 |       ||     4
       Spellforged Servi |       |       |       |       |       |       |    86 |   169 |   175 ||   430
       Lehudib's Crystal |       |       |       |       |       |       |     1 |    59 |    96 ||   156
       Iron Shot         |       |       |       |       |       |       |    25 |   296 |   110 ||   431
       Fire Storm        |       |       |       |       |       |       |       |     4 |   192 ||   196
       Shatter           |       |       |       |       |       |       |       |       |     5 ||     5
Invok: Channel Magic     |       |       |       |       |     1 |       |     6 |     3 |     5 ||    15
Evoke: Wand              |       |       |       |    13 |    21 |     1 |     4 |    10 |     6 ||    55
       Phantom mirror    |       |       |       |       |     1 |       |       |       |       ||     1
  Use: Scroll            |     3 |       |       |    16 |    16 |     8 |     7 |     7 |    12 ||    69
       Potion            |     1 |       |       |       |     8 |     3 |    15 |     2 |    15 ||    44
Armor: Robe              |     3 |     8 |    25 |   108 |   329 |   194 |   167 |   281 |   135 ||  1250
Dodge: Dodged            |     8 |    17 |    42 |   148 |   398 |   196 |   176 |   248 |   128 ||  1361
Block: Buckler           |       |       |    10 |    63 |   177 |   101 |   126 |   153 |    28 ||   658
       Reflection        |       |       |     1 |     2 |       |    19 |    43 |     7 |     1 ||    73
